[Event "Zlatni otok Krk Open 2020"]
[Site "Malinska"]
[Date "2020.11.06"]
[Round "2.1"]
[White "Horvat, Damjan"]
[Black "Doric, Darko"]
[Result "1-0"]
[ECO "A06"]
[WhiteElo "2155"]
[BlackElo "2484"]
[Annotator "ChessBase"]
[PlyCount "57"]
[EventDate "2020.11.05"]
[EventType "swiss"]
[EventCountry "CRO"]
[SourceTitle "playchess.com"]
[Source "ChessBase"]
[SourceQuality "1"]
[TimeControl "5400+30"]

1. Nf3 d5 2. b3 Bg4 3. g3 Bxf3 4. exf3 Nf6 5. Bg2 g6 6. f4 Bg7 7. Bb2 e6 8. d3 O-O 9. Nd2 c5 10. O-O Nc6 11. c3 Nd7 12. Qc2 b5 13. c4 Nb4 14. Qb1 Bxb2 15. Qxb2 Qf6 16. d4 bxc4 17. bxc4 Rab8 18. Rab1 Qxd4 19. Qxd4 cxd4 20. cxd5 exd5 21. Rb2 d3 22. Rfb1 Rb6 23. Rxb4 Rc8 24. Rxb6 Nxb6 25. Rb3 Rc1+ 26. Bf1 Rc2 27. Rxd3 Rxa2 28. Bg2 Ra5 29. Nf1 1-0

[Event "Zlatni otok Krk Open 2020"]
[Site "Malinska"]
[Date "2020.11.06"]
[Round "2.9"]
[White "Garic, Mario"]
[Black "Vojak, Daniel"]
[Result "0-1"]
[ECO "B20"]
[WhiteElo "1878"]
[BlackElo "2236"]
[Annotator "ChessBase"]
[PlyCount "74"]
[EventDate "2020.11.05"]
[EventType "swiss"]
[EventCountry "CRO"]
[SourceTitle "playchess.com"]
[Source "ChessBase"]
[SourceQuality "1"]
[TimeControl "5400+30"]

1. e4 c5 2. a3 Nf6 3. e5 Nd5 4. d4 cxd4 5. Qxd4 e6 6. Nf3 Nc6 7. Qe4 d6 8. c4 Nde7 9. exd6 Qxd6 10. Bf4 Qd8 11. Nc3 Ng6 12. Rd1 Qa5 13. Bd2 Qc7 14. Nb5 Qb8 15. Bg5 f6 16. Be3 a6 17. Nbd4 Nxd4 18. Bxd4 Be7 19. Bd3 O-O 20. h4 Qf4 21. Qe2 Qc7 22. Qc2 Rd8 23. Bxg6 hxg6 24. O-O e5 25. Be3 Bf5 26. Qc1 Bd3 27. Rfe1 Qxc4 28. Bb6 Qxc1 29. Rxc1 Rdc8 30. g4 Kf7 31. g5 Bf5 32. Bc7 b5 33. Rc3 b4 34. Rc4 Ra7 35. Rec1 Bd3 36. Bb6 Rxc4 37. Rxc4 Rb7 0-1

[Event "Zlatni otok Krk Open 2020"]
[Site "Malinska"]
[Date "2020.11.07"]
[Round "4.10"]
[White "Garic, Mario"]
[Black "Lovrinic, Vlatko"]
[Result "1/2-1/2"]
[ECO "C56"]
[WhiteElo "1878"]
[BlackElo "1767"]
[Annotator "NA RC"]
[PlyCount "64"]
[EventDate "2020.11.05"]
[EventType "swiss"]
[EventCountry "CRO"]
[SourceTitle "playchess.com"]
[Source "ChessBase"]
[SourceQuality "1"]
[TimeControl "5400+30"]

1. e4 {[%emt 0:02:02] ChessBase} e5 2. Nf3 Nc6 3. Bc4 Nf6 4. d4 exd4 5. O-O Nxe4 6. Re1 d5 {[%emt 0:00:20] [#]} 7. Bxd5 $1 Qxd5 8. Nc3 $1 {[%emt 0:00:07] Pin} Qh5 9. Nxe4 Be6 10. Neg5 O-O-O 11. Nxe6 {[%emt 0:01:53] C56: Two Knights: 4 d4 exd4 5 0-0 Nxe4.} fxe6 12. Bf4 Bd6 13. Ne5 Qxd1 14. Raxd1 Nxe5 15. Bxe5 Bxe5 16. Rxe5 {[%emt 0:00:08] [#]} Rd6 $146 ({Predecessor:} 16... Rhe8 17. f4 g6 18. Kf2 Rd6 19. Kf3 Kd7 20. Ke4 Rf8 21. g3 Rf5 22. Rxd4 c5 23. Rxd6+ Kxd6 {1-0 (36) Kolisch,I-Urusov,S St Petersburg 1862 EXT 2017 [ChessBase]}) 17. Rd3 Rf8 18. Re4 c5 19. Kf1 Kd7 (19... Kc7 $17) 20. b4 b6 21. bxc5 bxc5 22. Ra3 a6 23. Ke2 Rb6 24. f3 Kd6 25. h4 g6 26. Ra5 $17 Rf7 27. f4 Ra7 28. Re5 Rb5 29. Ra4 a5 30. h5 gxh5 31. Rxd4+ cxd4 32. Rxb5 h4 1/2-1/2

[Event "Zlatni otok Krk Open 2020"]
[Site "Malinska"]
[Date "2020.11.08"]
[Round "5.2"]
[White "Doric, Darko"]
[Black "Vidovic, Mario"]
[Result "1-0"]
[ECO "D00"]
[WhiteElo "2484"]
[BlackElo "2225"]
[Annotator "ChessBase"]
[PlyCount "25"]
[EventDate "2020.11.05"]
[EventType "swiss"]
[EventCountry "CRO"]
[SourceTitle "playchess.com"]
[Source "ChessBase"]
[SourceQuality "1"]
[TimeControl "5400+30"]

1. d4 d5 2. Bf4 e6 3. e3 Bd6 4. Bg3 f5 5. c4 Nf6 6. Nc3 c6 7. Bd3 O-O 8. Bxd6 Qxd6 9. Nf3 Nbd7 10. O-O Ne4 11. Rc1 Kh8 12. Qc2 Qe7 13. Ne2 1-0

[Event "Zlatni otok Krk Open 2020"]
[Site "Malinska"]
[Date "2020.11.08"]
[Round "5.3"]
[White "Vojak, Daniel"]
[Black "Martic, Zlatko"]
[Result "1/2-1/2"]
[ECO "A15"]
[WhiteElo "2236"]
[BlackElo "2298"]
[Annotator "NA"]
[PlyCount "118"]
[EventDate "2020.11.05"]
[EventType "swiss"]
[EventCountry "CRO"]
[SourceTitle "playchess.com"]
[Source "ChessBase"]
[SourceQuality "1"]
[TimeControl "5400+30"]

1. Nf3 Nf6 2. c4 g6 3. b4 Bg7 4. Bb2 O-O 5. g3 d5 6. cxd5 Nxd5 {[%emt 0:00:00] A15: English Opening: 1...Nf6.} 7. Bxg7 Kxg7 8. Qb3 Qd6 9. a3 Qf6 10. d4 $1 Be6 {[%emt 0:00:00] [#]} 11. Nbd2 $146 ({Predecessor:} 11. Qc2 Nc6 12. Qd2 Nb6 13. b5 Nc4 14. Qc3 N6a5 15. e4 c6 16. bxc6 bxc6 17. Ne5 {1-0 (37) Werchan,H (2146)-Thieme,W (1953) Dresden 2009}) 11... a5 12. b5 Nd7 13. Ne4 Qf5 14. Neg5 N5b6 15. Nxe6+ fxe6 16. Bg2 a4 {[%emt 0:00:00] [#]} 17. Qb4 $1 Nd5 18. Qd2 N7f6 19. Nh4 Qh5 {[%emt 0:00:00] [#]} 20. O-O $1 g5 {[%emt 0:00:00] [#]} 21. Nf3 $1 Ne4 22. Qd3 Nd6 23. e4 Nb6 24. Rac1 Rac8 25. Rc5 h6 26. Rfc1 Qf7 27. Qe2 Ne8 28. Ne5 Qf6 29. Qe3 Rd8 30. R1c2 Kg8 31. Bh3 Kg7 32. Bg4 Kg8 33. Kg2 Kh7 34. Bh5 Nd7 35. Bxe8 Rfxe8 36. Ng4 Qg7 37. Rxc7 h5 38. Ne5 Nxe5 39. dxe5 g4 40. Rxb7 Rd1 41. Rcc7 Qf7 42. Ra7 (42. h4 $142 Rb1 43. Qf4) 42... Rb1 43. Rxa4 $16 (43. h4 $18) 43... Rb2 44. Raa7 Kg6 45. Qf4 Qxf4 46. gxf4 Rf8 47. f5+ exf5 48. Rxe7 fxe4 49. Rg7+ Kf5 50. Rgf7+ Rxf7 51. Rxf7+ Kxe5 52. a4 h4 53. Rh7 Kf4 54. Rf7+ Kg5 55. Rg7+ Kf4 56. h3 g3 57. Rf7+ Ke5 58. Kf1 Rb1+ 59. Kg2 Rb2 1/2-1/2

[Event "Zlatni otok Krk Open 2020"]
[Site "Malinska"]
[Date "2020.11.08"]
[Round "5.4"]
[White "Berke, Ana"]
[Black "Stocko, Josip"]
[Result "1-0"]
[ECO "B51"]
[WhiteElo "2166"]
[BlackElo "2241"]
[Annotator "ChessBase"]
[PlyCount "141"]
[EventDate "2020.11.05"]
[EventType "swiss"]
[EventCountry "CRO"]
[SourceTitle "playchess.com"]
[Source "ChessBase"]
[SourceQuality "1"]
[TimeControl "5400+30"]

1. e4 c5 2. Nf3 d6 3. Bb5+ Nd7 4. O-O Ngf6 5. Re1 a6 6. Bf1 e6 7. c3 b6 8. d4 Bb7 9. d5 e5 10. c4 g6 11. Nc3 Bg7 12. a4 O-O 13. a5 h6 14. Nd2 Nh7 15. axb6 Nxb6 16. Nb3 Bc8 17. Be3 f5 18. f3 Nf6 19. Na5 f4 20. Bf2 Kh7 21. Nc6 Qc7 22. Qd3 Bd7 23. Na5 Rfb8 24. Reb1 Nc8 25. Be1 Ne7 26. Nd1 g5 27. g4 fxg3 28. hxg3 h5 29. Ra2 Bh6 30. Bd2 Nfg8 31. Bg2 Kg7 32. Bc3 Nf6 33. Ne3 Ng6 34. Nc6 Re8 35. Nf5+ Bxf5 36. exf5 Ne7 37. Nxe7 Qxe7 38. Rba1 Qb7 39. Bd2 Reb8 40. Re1 Qd7 41. Rea1 Qc8 42. Re1 Qd7 43. Bh3 Rb6 44. Kh1 Rab8 45. Bc3 g4 46. fxg4 hxg4 47. Bg2 Bg5 48. Bd2 Bxd2 49. Qxd2 Qxf5 50. Rf1 Qg6 51. Kg1 Qh5 52. Qf2 Qh6 53. b4 Rh8 54. Qe2 Qh2+ 55. Kf2 Rh3 56. Qe3 Rxg3 57. Qg5+ Kh7 58. Ke1 Rxg2 59. Qf5+ Kg7 60. Qxf6+ Kh7 61. Qe7+ Kh6 62. Rf6+ Kh5 63. Qh7+ Kg5 64. Qg7+ Kh4 65. Rh6+ Kg3 66. Ra3+ Kf4 67. Qf6+ Ke4 68. Qg6+ Kf4 69. Qf7+ Ke4 70. Qh7+ Kf4 71. Rxh2 1-0

[Event "Zlatni otok Krk Open 2020"]
[Site "Malinska"]
[Date "2020.11.08"]
[Round "5.6"]
[White "Vidovic, Sasa"]
[Black "Mazuran, Gabrijel"]
[Result "1-0"]
[ECO "A01"]
[WhiteElo "2209"]
[BlackElo "2058"]
[Annotator "ChessBase"]
[PlyCount "113"]
[EventDate "2020.11.05"]
[EventType "swiss"]
[EventCountry "CRO"]
[SourceTitle "playchess.com"]
[Source "ChessBase"]
[SourceQuality "1"]
[TimeControl "5400+30"]

1. b3 e5 2. Bb2 Nc6 3. e3 a6 4. Nf3 e4 5. Nd4 Nf6 6. d3 Nxd4 7. Bxd4 d5 8. Nd2 Be7 9. Be2 b6 10. O-O O-O 11. Be5 Bb7 12. Qc1 Nd7 13. Bb2 f5 14. c4 c6 15. Rd1 Bf6 16. cxd5 cxd5 17. Bxf6 Nxf6 18. Nf1 Qe7 19. Ng3 g6 20. Qd2 h5 21. h3 Nd7 22. dxe4 fxe4 23. Qd4 Ne5 24. Qxb6 Rf6 25. Qa5 Raf8 26. Rxd5 Bxd5 27. Qxd5+ Kg7 28. Nxe4 Rd8 29. Qa5 Nc6 30. Qa4 Re6 31. Ng3 Nb4 32. Bxh5 Qf6 33. Rf1 Nd3 34. Bg4 Re7 35. Qa5 Rf8 36. Bf3 Ne5 37. Be4 Nf7 38. Qb4 Ng5 39. Bd5 Re5 40. e4 Ne6 41. Bxe6 Rxe6 42. Qc5 Rc6 43. Qe3 Rc3 44. Qe2 Qc6 45. Qg4 Kf7 46. e5 Qe6 47. Qd4 Rc7 48. Ne4 Kg8 49. Ng5 Qe7 50. Qd5+ Kh8 51. Ne6 Rf7 52. Nxc7 Qxc7 53. e6 Re7 54. Rd1 Kg7 55. Qd4+ Kh7 56. Qh4+ Kg7 57. Qxe7+ 1-0

[Event "Zlatni otok Krk Open 2020"]
[Site "Malinska"]
[Date "2020.11.08"]
[Round "5.8"]
[White "Colev, Ivor"]
[Black "Ljubicic, Mario"]
[Result "1-0"]
[ECO "C95"]
[WhiteElo "1769"]
[BlackElo "2023"]
[Annotator "ChessBase"]
[PlyCount "105"]
[EventDate "2020.11.05"]
[EventType "swiss"]
[EventCountry "CRO"]
[SourceTitle "playchess.com"]
[Source "ChessBase"]
[SourceQuality "1"]
[TimeControl "5400+30"]

1. e4 e5 2. Nf3 Nc6 3. Bb5 a6 4. Ba4 Nf6 5. O-O Be7 6. Re1 b5 7. Bb3 d6 8. c3 O-O 9. h3 Bb7 10. d4 Nb8 11. Bc2 Nbd7 12. Nbd2 Re8 13. Nf1 Bf8 14. Ng3 g6 15. b3 Bg7 16. Bb2 Qe7 17. Qd3 Nf8 18. a4 c6 19. Ba3 Qc7 20. dxe5 dxe5 21. Bd6 Qb6 22. Bxe5 Rad8 23. Qf1 N8d7 24. a5 Qc5 25. Bd4 Qf8 26. c4 c5 27. Bb2 Nh5 28. Bxg7 Qxg7 29. Nxh5 gxh5 30. cxb5 axb5 31. Qxb5 Bxe4 32. Bxe4 Rxe4 33. Rxe4 Qxa1+ 34. Re1 Qf6 35. a6 Qb6 36. Qc4 Nf8 37. Ne5 Ne6 38. Ra1 Ra8 39. Nd7 Qd6 40. Nf6+ Kf8 41. a7 Nd4 42. Ne4 Qe5 43. Qxc5+ Qxc5 44. Nxc5 Ke7 45. Ra6 Nb5 46. Ra5 Nxa7 47. Na4 Kd8 48. Nc3 Rc8 49. Rxa7 Rxc3 50. Rxf7 Rxb3 51. Rxh7 Rb5 52. Rf7 Ke8 53. Rf4 1-0

[Event "Zlatni otok Krk Open 2020"]
[Site "Malinska"]
[Date "2020.11.08"]
[Round "5.9"]
[White "Lohia, Sohum"]
[Black "Poljan, Max"]
[Result "1-0"]
[ECO "B20"]
[WhiteElo "1993"]
[BlackElo "1616"]
[Annotator "NA"]
[PlyCount "57"]
[EventDate "2020.11.05"]
[EventType "swiss"]
[EventCountry "CRO"]
[SourceTitle "playchess.com"]
[Source "ChessBase"]
[SourceQuality "1"]
[TimeControl "5400+30"]

1. e4 c5 2. g3 e6 3. Bg2 Nc6 4. Ne2 Nf6 5. O-O Be7 6. c3 {[%emt 0:00:20] B20: Sicilian: Unusual White 2nd moves.} d6 7. d4 cxd4 8. cxd4 d5 9. e5 Nd7 10. Nbc3 a6 {[%emt 0:03:05] [#]} 11. f4 $146 ({Predecessor:} 11. Be3 b5 12. Rc1 Bb7 13. f4 Nb6 14. b3 b4 15. Nb1 f5 16. exf6 Bxf6 17. Nd2 {1-0 (37) Bartel,M (2306)-Leao,T (2084) Lisbon 2019}) 11... g6 12. Be3 b5 {[%emt 0:03:24] [#]} (12... Nb6 $14) 13. Qd2 (13. f5 $1 $18) 13... Nb6 14. b3 b4 15. Nd1 a5 16. Nb2 (16. Rc1 $5 Bd7 17. g4 $14) 16... Ba6 17. g4 h5 {[%emt 0:05:43] [#]} 18. f5 $1 gxf5 19. gxf5 exf5 20. Rxf5 Bc8 21. Rff1 Rg8 22. Qc2 Qd7 $18 23. Nf4 Ba6 24. Nbd3 Rc8 25. e6 fxe6 26. Qe2 h4 27. Kh1 Kd8 28. Bh3 Bxd3 29. Qxd3 1-0

[Event "Zlatni otok Krk Open 2020"]
[Site "Malinska"]
[Date "2020.11.08"]
[Round "5.10"]
[White "Lovrinic, Vlatko"]
[Black "Novosel, Lovro"]
[Result "1/2-1/2"]
[ECO "D00"]
[WhiteElo "1767"]
[BlackElo "1900"]
[Annotator "NA"]
[PlyCount "137"]
[EventDate "2020.11.05"]
[EventType "swiss"]
[EventCountry "CRO"]
[SourceTitle "playchess.com"]
[Source "ChessBase"]
[SourceQuality "1"]
[TimeControl "5400+30"]

1. d4 d5 2. Bf4 e6 3. e3 Bd6 4. Bg3 Nf6 5. Nd2 b6 6. c3 {[%emt 0:00:30] D00: 1 d4 d5: Unusual lines.} O-O 7. Bd3 Ba6 8. Bxa6 Nxa6 9. Qe2 Nb8 10. Ngf3 c5 11. Bxd6 Qxd6 12. Ne5 {[%emt 0:01:06] [#]} Nbd7 $146 ({Predecessor:} 12... Nfd7 13. Ndf3 Nc6 14. Nxc6 Qxc6 15. O-O b5 16. dxc5 Qxc5 17. e4 Nb6 18. Nd4 b4 19. exd5 bxc3 {0-1 (61) Metz,H (2275)-Vatter,H (2361) Boeblingen 1999}) 13. f4 cxd4 14. exd4 b5 15. O-O b4 16. Rab1 bxc3 17. bxc3 Rfc8 18. Rb3 a5 19. Qd3 Ra7 20. c4 dxc4 21. Ndxc4 Qa6 22. Rfb1 Nd5 23. Nxd7 Rxd7 24. Ne5 Qxd3 25. Nxd3 g6 26. Nc5 Rdc7 27. g3 Nb4 28. Kf2 Rd8 29. a3 Nc6 30. Rc3 Nxd4 31. Rd1 Rd5 32. Ne4 Rxc3 33. Nxc3 Rc5 34. Rxd4 Rxc3 35. Ra4 Rc2+ 36. Kf3 Rxh2 37. Rxa5 h5 $15 38. Ra7 Kg7 39. a4 Ra2 40. a5 Ra3+ 41. Kf2 Kf6 42. Kg2 Ra1 43. a6 Ra5 44. Kf3 g5 45. fxg5+ Rxg5 46. Rb7 Ra5 47. a7 Ra4 48. Rc7 Kg6 49. Re7 f6 50. Rxe6 Rxa7 51. Rb6 Ra3+ 52. Kf4 Ra4+ 53. Kf3 Kg5 54. Rb5+ f5 55. Rb8 Ra3+ 56. Kg2 Ra6 57. Rg8+ Rg6 58. Rb8 h4 59. gxh4+ Kxh4+ 60. Kf2 Rc6 61. Rb3 Rc4 62. Kf3 Kg5 63. Ra3 Rf4+ 64. Kg2 Rg4+ 65. Kf2 Rc4 66. Rb3 f4 67. Rb8 Rc2+ 68. Kf3 Rc3+ 69. Kf2 1/2-1/2